 Dungeon Crawl Stone Soup version 0.25-a0-36-g303dd5b1f4 (webtiles) character file.

Game seed: 16067708105956671990, levelgen mode: deterministic

14 Johnny the Digger (level 2, 0/20 HPs)
             Began as a Demigod Earth Elementalist on Oct 20, 2019.
             Slain by a jackal (1 damage)
             ... on level 1 of the Dungeon.
             The game lasted 00:00:25 (306 turns).

Johnny the Digger (Demigod Earth Elementalist)       Turns: 306, Time: 00:00:25

Health: 0/20       AC:  2    Str: 11    XL:     2   Next: 15%
Magic:  7/7        EV: 13    Int: 19    God:
Gold:   0          SH:  0    Dex: 16    Spells: 4/5 levels left

rFire    . . .     SeeInvis .   a - +0 spear
rCold    . . .     Gourm    .   (no shield)
rNeg     . . .     Faith    .   c - +0 robe
rPois    .         Spirit   .   (no helmet)
rElec    .         Reflect  .   (no cloak)
rCorr    .         Harm     .   (no gloves)
MR       .....                  (no boots)
Stlth    ++........             (no amulet)
HPRegen  0.06/turn              (no ring)
MPRegen  0.10/turn              (no ring)

@: no status effects
A: high mp 1
a: no special abilities


You were on level 1 of the Dungeon.
You were not hungry.

You visited 1 branch of the dungeon, and saw 1 of its levels.

Inventory:

Hand Weapons
 a - a +0 spear (weapon)
Missiles
 b - 25 stones (quivered)
Armour
 c - a +0 robe (worn)
Scrolls
 e - a scroll of enchant armour {unknown}
Comestibles
 d - a ration


   Skills:
 + Level 2.0 Dodging
 - Level 1.7 Stealth
 + Level 2.0 Spellcasting
   Level 0.8 Transmutations
 * Level 3.1 Earth Magic


You had 4 spell levels left.
You knew the following spells:

 Your Spells              Type           Power        Failure   Level  Hunger
a - Sandblast             Erth           ##....       4%          1    #......

Your spell library contained the following spells:

 Spells                   Type           Power        Failure   Level  Hunger
 Passwall                 Tmut/Erth      #.......     12%         2    ###....
 Stone Arrow              Conj/Erth      #.....       26%         3    ###....
 Petrify                  Tmut/Erth      #.......     58%         4    #####..
 Lee's Rapid Deconstruct  Erth           ##........   78%         5    ######.


Dungeon Overview and Level Annotations

Branches:
Dungeon (1/15)


Innate Abilities, Weirdness & Mutations

You have an increased reservoir of magic. (+10% MP)


Message History

The bat barely misses you.
The giant cockroach waves its antennae.
The jackal bites you.
* * * LOW HITPOINT WARNING * * *
You see here 7 gold pieces.
The bat closely misses you. The bat closely misses you.
The bat barely misses you. The kobold barely misses you. The bat hits you.
* * * LOW HITPOINT WARNING * * *
The bat barely misses you. The bat misses you. The bat hits you.
* * * LOW HITPOINT WARNING * * *
The giant cockroach waves its antennae.
There is an escape hatch in the floor here.
The bat hits you.
* * * LOW HITPOINT WARNING * * *
The jackal bites you.
You die...

... #....# ##....# ... #.....###
###.....# ....
#....<.#######......#. ....
...###.............###..
....##### .....###.....÷÷###.....
........###.......#######.......#
....†....w#####.........÷...#####
....).g.....gl#######.#######
......###g$s..Kb@..#..# ......#
#...ghrh.....## ......#
############## ......# ......#
......# ......#


You could see a dart slug, 2 jackals, a giant cockroach, 2 hobgoblins, a goblin,
a bat, a kobold, a frilled lizard and a rat.

Vanquished Creatures
  An ooze (D:1)
  A leopard gecko (D:1)
  A goblin (D:1)
  2 jackals (D:1)
  2 bats (D:1)
  A kobold (D:1)
8 creatures vanquished.

Notes
Turn   | Place    | Note
-------+----------+-------------------------------------------
     0 | D:1      | Johnny the Demigod Earth Elementalist began the quest for
                  | the Orb.
     0 | D:1      | Reached XP level 1. HP: 14/14 MP: 5/5
    71 | D:1      | Reached skill level 3 in Earth Magic
    71 | D:1      | Reached XP level 2. HP: 9/20 MP: 5/7
   305 | D:1      | HP: 1/20 [bat (1)]
   306 | D:1      | Slain by a jackal

Levels and vault maps discovered:
D:1:      dpeg_arrival_oval, layout_rooms, minmay_pentomino_z4

Skill      XL: |  1 |
---------------+----+-----
Dodging        | 2 |  2.0
Spellcasting   | 2 |  2.0
Earth Magic    | 3 |  3.1
Stealth        | |  1.7
Transmutations | |  0.8

Action                   || total
-------------------------++-------
Melee: Spear             ||    25
 Cast: Sandblast         ||     5
Armor: Robe              ||     6
Dodge: Dodged            ||    44

Table legend:
 A = Non-vault XP
 B = Vault XP
 C = Vault XP percentage of total XP
 D = Non-vault monster count
 E = Vault monster count
 F = Vault count percentage of total count
                 A         B        C        D         E       F
            +---------+---------+-------+---------+---------+-------
      Total |      20 |       0 |   0.0 |       8 |       0 |   0.0
            +---------+---------+-------+---------+---------+-------
        D:1 |      20 |       0 |   0.0 |       8 |       0 |   0.0
            +---------+---------+-------+---------+---------+-------
